 Dungeon Crawl Stone Soup version 0.20-a0-521-ga778aa9 (console) character file.

18 Dingbat the Chopper (level 2, -4/25 HPs)
             Began as a Minotaur Skald on Jan 28, 2017.
             Slain by Sigmund
             ... wielding a +0 scythe
              (7 damage)
             ... on level 2 of the Dungeon.
             The game lasted 00:01:48 (640 turns).

Dingbat the Chopper (Minotaur Skald)                 Turns: 640, Time: 00:01:49

Health: -4/25      AC:  6    Str: 15    XL:     2   Next: 48%
Magic:  3/3        EV: 17    Int: 10    God:
Gold:   25         SH:  0    Dex: 14    Spells: 1/4 levels left

rFire    + + .     SeeInvis .   a - +0 hand axe
rCold    . . .     Gourm    .   b - +0 leather armour
rNeg     . . .     Faith    .   (no shield)
rPois    .         Spirit   .   (helmet restricted)
rElec    .         Reflect  .   (no cloak)
rCorr    .         Harm     .   f - +0 pair of gloves
MR       .....                  (no boots)
Stlth    ++........             (no amulet)
Regen    0.1/turn               (no ring)
                                (no ring)

@: agile
A: retaliatory headbutt, horns 2, iridescent scales 1, fire resistance 2
a: no special abilities


You were on level 2 of the Dungeon.
You were not hungry.

You visited 1 branch of the dungeon, and saw 2 of its levels.

You collected 25 gold pieces.

Inventory:

Hand Weapons
 a - a +0 hand axe (weapon)
Armour
 b - a +0 leather armour (worn)
 f - a +0 pair of gloves (worn)
Scrolls
 i - a scroll of recharging {unknown}
 j - a scroll of identify {unknown}
Potions
 g - a potion of mutation
Books
 c - a book of Battle

   Spells                             Type                      Level
   a - Infusion                       Charms                       1
   b - Shroud of Golubria             Charms/Translocation         2
   c - Song of Slaying                Charms                       2
   d - Spectral Weapon                Hexes/Charms                 3
   e - Regeneration                   Charms/Necromancy            3
Comestibles
 d - a bread ration
 h - 2 fruits


   Skills:
 - Level 2.4 Fighting
 + Level 3.2 Axes
 - Level 1.2 Armour
 - Level 2.1 Dodging
 + Level 1.8 Spellcasting
 - Level 2.0 Charms


You had one spell level left.
You knew the following spells:

 Your Spells              Type           Power        Failure   Level  Hunger
a - Infusion              Chrm           #...         21%         1    ##.....
b - Song of Slaying       Chrm           #.......     30%         2    ###....


Dungeon Overview and Level Annotations

Branches:
Dungeon (2/15)

Altars:
Gozag

Shops:
D:2 *

Annotations:
D:2 Sigmund


Innate Abilities, Weirdness & Mutations

You reflexively headbutt those who attack you in melee.
You have a pair of horns on your head.
You are partially covered in iridescent scales. (AC +2)
Your flesh is very heat resistant. (rF++)


Message History

You are no longer magically infusing your attacks.
You bump into the rock wall.
You hear some strange, mumbled words.
Something tries to affect you, but you resist.
You bump into the rock wall.
Something hits you. Something hits you.
You barely miss something.
You bump into the rock wall.
You feel less confused.
You hear some strange, mumbled words.
A puff of flame appears from out of thin air!
The puff of flame misses you.
You hit something. You headbutt something. Something barely misses you.
You closely miss something. Something barely misses you.
You completely miss something. Something hits you.
You closely miss something. You headbutt something. You hit something.
Something hits you.
* * * LOW HITPOINT WARNING * * *
You hit something. Your headbutt misses something. Something hits you!
You die...

#......... #.#
#....).... #.#
#......... ...
#......... #.#
#......... #.#
#......... #.#
#.###.###. ###{### #.#
#.###. ##.@...## #.#
#..##.
###.......###.###...#.
+.......?..............
####...#..######.≈≈.≈≈.
##.##..# #.≈...≈.
#.....# #.≈._.≈.
###.### #≈≈...≈≈ #.
#≈.....≈ #. #≈.⌠.⌠.≈


There were no monsters in sight!

Vanquished Creatures
  A leopard gecko (D:1)
  2 goblins (D:1)
  A hobgoblin (D:1)
  4 jackals (D:1)
  A ball python (D:2)
  A frilled lizard (D:1)
  3 kobolds (D:1)
  3 rats
16 creatures vanquished.

Notes
Turn   | Place    | Note
-------+----------+-------------------------------------------
     0 | D:1      | Dingbat the Minotaur Skald began the quest for the Orb.
     0 | D:1      | Reached XP level 1. HP: 18/18 MP: 1/1
   330 | D:1      | Reached XP level 2. HP: 15/25 MP: 3/3
   392 | D:1      | Learned a level 2 spell: Song of Slaying
   396 | D:1      | Reached skill level 3 in Axes
   537 | D:2      | Found Gozag's Platinum Reserve.
   563 | D:2      | Found an opulent altar of Gozag.
   615 | D:2      | Noticed Sigmund
   619 | D:2      | Gained mutation: Your flesh is heat resistant. (rF+) [potion of mutation]
   619 | D:2      | Gained mutation: Your flesh is very heat resistant. (rF++) [potion of mutation]
   619 | D:2      | Gained mutation: You are partially covered in iridescent scales. (AC +2) [potion of mutation]
   640 | D:2      | Slain by Sigmund

Vault maps used:
D:1:      dpeg_arrival_round_c
D:2:      nicolae_gozag_zags_fifth_avenue, overflow_temple_1_default,
          minmay_misc_feat_diagonals, minmay_tetromino_o4, uniq_sigmund

Skill      XL: |  1  2 |
---------------+-------+-----
Axes           | 3 |  3.2
Fighting       | |  2.4
Armour         | |  1.2
Dodging        | |  2.1
Spellcasting   | |  1.8
Charms         | |  2.0

Action                   || total
-------------------------++-------
Melee: Hand axe          ||    61
       Headbutt          ||     8
 Cast: Infusion          ||     1
  Use: Potion            ||     2
Armor: Leather armour    ||    21
Dodge: Dodged            ||    31
